 Dungeon Crawl Stone Soup version 0.19.0-19-g8c6edcc (webtiles) character file.

2982 Haldmier the Carver (level 9, -10/54 HPs)
             Began as a High Elf Skald on Nov 12, 2016.
             Was a Follower of Ashenzari.
             Mangled by Grum
             ... wielding a -1 spear of venom
              (24 damage)
             ... on level 8 of the Dungeon.
             The game lasted 01:03:59 (9597 turns).

Haldmier the Carver (High Elf Skald)                Turns: 9597, Time: 01:04:01

Health: -10/54     AC: 10    Str: 14    XL:     9   Next: 53%
Magic:  0/26       EV: 11    Int: 17    God:    Ashenzari [*.....]
Gold:   63         SH:  0    Dex: 15    Spells: 8 memorised, 1 level left

rFire  . . .     SeeInvis .     c - +2 long sword (elec) (curse)
rCold  . . .     Gourm    .     I - +0 leather armour
rNeg   . . .     Faith    .     (no shield)
rPois  .         Spirit   +     J - +0 helmet
rElec  .         Reflect  .     (no cloak)
rCorr  .         Harm     .     F - +0 pair of gloves
MR     .....                    (no boots)
Stlth  ++........               i - amulet of guardian spirit (curse)
                                t - +5 ring of protection
                                w - ring of magical power (curse)

@: lethally poisoned (-10 -> -28), very slightly contaminated
A: no striking features
a: Curse Item, Scrying, Renounce Religion


You were on level 8 of the Dungeon.
You worshipped Ashenzari.
Ashenzari was aware of your devotion.
You were not hungry.

You visited 2 branches of the dungeon, and saw 9 of its levels.
You also visited: Sewer.

You collected 425 gold pieces.
You spent 362 gold pieces at shops.

Inventory:

Hand Weapons
 c - a cursed +2 long sword of electrocution (weapon)
Missiles
 h - a throwing net
 o - 10 tomahawks (quivered)
 V - 5 tomahawks of returning
Armour
 e - a +0 ring mail
 m - a +0 buckler
 F - a +0 pair of gloves (worn)
 I - a +0 leather armour (worn)
 J - a +0 helmet (worn)
Jewellery
 i - a cursed amulet of guardian spirit (around neck)
 l - an uncursed ring of positive energy
 t - a +5 ring of protection (right hand)
 w - a cursed ring of magical power (left hand)
Wands
 n - a wand of lightning (5/15)
 B - a wand of paralysis (12/24)
 H - a wand of flame (16/48)
Scrolls
 b - a scroll of remove curse
 k - a scroll of immolation {unknown}
 q - a scroll of recharging {unknown}
 r - 2 scrolls of teleportation {unknown}
 u - a scroll of enchant armour {unknown}
 v - a scroll of noise {unknown}
 y - 2 scrolls of fear {unknown}
 E - a scroll of random uselessness {unknown}
 X - a scroll of vulnerability {unknown}
Potions
 j - 3 potions of lignification
 s - 5 potions of cancellation
 x - a potion of cure mutation
 z - a potion of haste {unknown}
 D - 7 potions of heal wounds
 G - a potion of brilliance {unknown}
 K - 4 potions of flight
 L - 3 potions of degeneration {unknown}
 M - 4 potions of curing {unknown}
 N - a potion of agility {unknown}
 S - a potion of magic {unknown}
 Y - a potion of berserk rage
Books
 f - a book of Minor Magic

   Spells                             Type                      Level
   a - Magic Dart                     Conjuration                  1
   b - Blink                          Translocation                2
   c - Call Imp                       Summoning                    2
   d - Repel Missiles                 Charms/Air                   2
   e - Slow                           Hexes                        2
   f - Conjure Flame                  Conjuration/Fire             3
   g - Mephitic Cloud                 Conjuration/Poison/Air       3
 C - a book of Debilitation

   Spells                             Type                      Level
   a - Corona                         Hexes                        1
   b - Slow                           Hexes                        2
   c - Gell's Gravitas                Hexes/Translocation          3
   d - Inner Flame                    Hexes/Fire                   3
   e - Cause Fear                     Hexes                        4
   f - Leda's Liquefaction            Hexes/Earth                  4
Comestibles
 d - 4 bread rations
 g - 3 meat rations
 p - 6 fruits
 A - a beef jerky


   Skills:
 - Level 2.0 Fighting
 + Level 10.0 Long Blades
 - Level 0.8 Armour
 - Level 1.1 Dodging
 - Level 3.1 Stealth
 + Level 1.5 Shields
 - Level 5.0 Spellcasting
 + Level 2.6 Conjurations
 - Level 3.1 Hexes
 - Level 7.5 Charms
 - Level 2.0 Necromancy
 - Level 4.0 Translocations
 + Level 2.6 Fire Magic


You had one spell level left.
You knew the following spells:

 Your Spells              Type           Power        Failure   Level  Hunger
a - Infusion              Chrm           ####         1%          1    None
b - Shroud of Golubria    Chrm/Tloc      ###.......   2%          2    #......
c - Spectral Weapon       Hex/Chrm       ###.....     8%          3    ###....
d - Regeneration          Chrm/Necr      ###.......   10%         3    ###....
e - Blink                 Tloc           N/A          6%          2    #......
f - Slow                  Hex            ###.....     10%         2    #......
g - Conjure Flame         Conj/Fire      ##......     21%         3    ###....
h - Magic Dart            Conj           ##..         10%         1    None


Dungeon Overview and Level Annotations

Branches:
Dungeon (8/15)             Temple (1/1) D:7
   Lair: D:8-11

Altars:
Ashenzari
Gozag
Hepliaklqana
Kikubaaqudgha
Makhleb
Qazlal
Ru
Sif Muna
Yredelemnul
The Shining One

Shops:
D:4 %   D:7 *

Annotations:
D:8 Grum; Joseph; shugdite's ghost, novice MiFi


Message History

Nothing appears to happen.
Grum closely misses you.
You riposte.
You hit Grum but do no damage.
There is a sudden explosion of sparks!
Grum is moderately wounded.
You barely miss Grum.
Grum is moderately wounded.
Your spectral weapon hits Grum.
There is a sudden explosion of sparks!
Grum hits your spectral weapon with a spear of venom!
Your spectral weapon shares its damage with you!
You strike the helpless Grum from behind!
You hit Grum.
Grum is heavily wounded.
Your spectral weapon hits Grum.
The wolf bites you! Grum closely misses you.
You slash Grum!
Grum is severely wounded.
Your spectral weapon completely misses Grum.
The wolf bites you. Grum hits you with a spear of venom!!
* * * LOW HITPOINT WARNING * * *
You are lethally poisoned!
The wolf closely misses you. Grum hits you with a spear of venom!!
You die...

#.# #.# #.#
###.### #.#
#.....# #.#
#.....### ####.###
#...(.... #......#
#.....###
#......#####.>...#
#.hg...........###
# #.(@..########.#
#. #.....# #.#
#..###.### #.#
#...##.# #.####
#....# #....#
#....##.# ####.##
#/#. #.##### #....
#
#.....########..##
#####...........#


You could see Grum (berserk), a wolf and a friendly spectral long sword of
electrocution.

Vanquished Creatures
  A wyvern (D:8)
  An ice beast (D:6)
  A black bear (D:7)
  A sky beast (D:8)
  3 ogres
  2 wolves (D:8)
  2 phantoms
  2 centaurs
  2 big kobolds (Sewer)
  Blork the orc (D:6)
  A bullfrog (D:3)
  4 scorpions
  A howler monkey (D:4)
  3 wights (D:8)
  2 crimson imps (D:7)
  3 bullfrog zombies
  A quasit (D:8)
  3 orc priests (D:5)
  7 hounds
  A jelly (D:5)
  2 orc wizards (D:5)
  2 bullfrog skeletons (D:4)
  An iguana (D:6)
  A worker ant (D:6)
  A hound skeleton (D:7)
  Robin (D:3)
  A howler monkey skeleton (D:8)
  8 adders
  16 gnolls
  6 river rats (Sewer)
  2 shadow imps (D:5)
  An adder skeleton (D:4)
  An adder zombie (D:5)
  3 worms
  5 dart slugs
  4 leopard geckos
  17 orcs
  4 giant cockroaches
  15 hobgoblins
  15 jackals
  9 ball pythons
  7 bats
  7 frilled lizards
  19 goblins
  20 kobolds
  A leopard gecko skeleton (D:4)
  26 rats
237 creatures vanquished.

Vanquished Creatures (others)
  3 spectral weapons
3 creatures vanquished.

Grand Total: 240 creatures vanquished

Notes
Turn   | Place    | Note
-------+----------+-------------------------------------------
     0 | D:1      | Haldmier the High Elf Skald began the quest for the Orb.
     0 | D:1      | Reached XP level 1. HP: 14/14 MP: 4/4
   178 | D:1      | Reached skill level 3 in Long Blades
   232 | D:1      | Reached XP level 2. HP: 15/19 MP: 6/6
   291 | D:1      | Learned a level 2 spell: Shroud of Golubria
   738 | D:1      | Reached skill level 1 in Translocations
  1236 | D:1      | Reached XP level 3. HP: 24/24 MP: 4/7
  1699 | D:1      | Learned a level 3 spell: Spectral Weapon
  2131 | D:2      | Reached skill level 1 in Stealth
  2496 | D:3      | Reached XP level 4. HP: 29/29 MP: 5/8
  2510 | D:3      | Reached skill level 4 in Long Blades
  2681 | D:3      | Reached skill level 1 in Hexes
  3066 | D:3      | Found a shattered altar of Ashenzari.
  3080 | D:3      | Became a worshipper of Ashenzari the Shackled
  3189 | D:3      | Reached XP level 5. HP: 31/34 MP: 9/9
  3194 | D:3      | Learned a level 3 spell: Regeneration
  3996 | D:3      | Reached skill level 5 in Long Blades
  3996 | D:3      | Reached skill level 1 in Necromancy
  4267 | D:3      | Noticed Robin
  4277 | D:3      | Reached XP level 6. HP: 37/39 MP: 10/10
  4301 | D:3      | Killed Robin
  4657 | D:4      | Found a glowing drain.
  4661 | Sewer    | Entered a sewer
  5421 | Sewer    | Reached skill level 6 in Long Blades
  5600 | Sewer    | Reached XP level 7. HP: 29/45 MP: 11/11
  5623 | Sewer    | Learned a level 2 spell: Blink
  6072 | D:4      | Reached * piety under Ashenzari
  6125 | D:4      | Found Kuhagrat's Food Boutique.
  6457 | D:4      | Reached skill level 7 in Long Blades
  6541 | D:4      | Reached skill level 5 in Charms
  6612 | D:5      | Entered Level 5 of the Dungeon
  6733 | D:5      | Reached XP level 8. HP: 38/50 MP: 6/12
  7094 | D:5      | Reached skill level 8 in Long Blades
  7779 | D:5      | Found a burning altar of Makhleb.
  7779 | D:5      | Found an ancient bone altar of Kikubaaqudgha.
  7981 | D:6      | Found a stormy altar of Qazlal.
  7981 | D:6      | Noticed Blork the orc
  8390 | D:6      | Killed Blork the orc
  8390 | D:6      | Reached skill level 9 in Long Blades
  8483 | D:6      | Learned a level 2 spell: Slow
  8654 | D:7      | Found a glowing golden altar of the Shining One.
  8677 | D:7      | Reached XP level 9. HP: 43/54 MP: 16/16
  8679 | D:7      | Found Xots's Assorted Antiques.
  8764 | D:7      | Found a deep blue altar of Sif Muna.
  8884 | D:7      | Found a staircase to the Ecumenical Temple.
  8889 | Temple   | Entered the Ecumenical Temple
  9026 | Temple   | Learned a level 3 spell: Conjure Flame
  9081 | D:7      | Bought a glowing long sword for 275 gold pieces
  9126 | D:7      | Bought a scroll of remove curse for 87 gold pieces
  9145 | D:8      | Noticed shugdite's ghost (novice MiFi)
  9235 | D:8      | Reached skill level 5 in Spellcasting
  9235 | D:8      | Reached skill level 1 in Conjurations
  9235 | D:8      | Reached skill level 1 in Fire Magic
  9408 | D:8      | Learned a level 1 spell: Magic Dart
  9553 | D:8      | Reached skill level 1 in Shields
  9563 | D:8      | Found a hazy altar of Hepliaklqana.
  9563 | D:8      | Noticed Grum
  9571 | D:8      | Noticed Joseph
  9593 | D:8      | Reached skill level 10 in Long Blades
  9597 | D:8      | Mangled by Grum

Skill      XL: |  1  2  3  4  5  6  7  8  9 |
---------------+----------------------------+-----
Long Blades    | 3 4 5 6 7 9 10 | 10.0
Translocations | 1 2 4 |  4.0
Stealth        | 1 2 3 |  3.1
Hexes          | 1 2 3 |  3.1
Necromancy     | 1 2 |  2.0
Charms         | 5 7 |  7.5
Spellcasting   | 4 5 |  5.0
Conjurations   | 2 |  2.6
Fire Magic     | 2 |  2.6
Shields        | 1 |  1.5
Fighting       | |  2.0
Armour         | |  0.8
Dodging        | |  1.1

Action                   |  1- 3 |  4- 6 |  7- 9 || total
-------------------------+-------+-------+-------++-------
Melee: Falchion          |    80 |       |       ||    80
       Dagger            |    81 |   700 |   221 ||  1002
       Short sword       |       |     5 |   183 ||   188
       Long sword        |       |       |    56 ||    56
 Fire: Blowgun           |       |       |    11 ||    11
Throw: Tomahawk          |     4 |     2 |       ||     6
 Cast: Infusion          |    16 |     3 |     1 ||    20
       Shroud of Golubri |     1 |    19 |    16 ||    36
       Spectral Weapon   |       |    13 |    28 ||    41
       Regeneration      |       |       |    16 ||    16
       Magic Dart        |       |       |     5 ||     5
       Slow              |       |       |     1 ||     1
Invok: Curse Item        |       |       |     3 ||     3
  Use: Scroll            |       |     3 |     3 ||     6
 Stab: Sleeping          |     1 |     1 |     5 ||     7
       Distracted        |       |     3 |     4 ||     7
  Eat: Chunk             |     5 |    14 |    19 ||    38
Armor: Leather armour    |    54 |   295 |   157 ||   506
Dodge: Dodged            |    80 |   354 |   221 ||   655
       Rpst.: Falchion   |    17 |       |       ||    17
       Long sword        |       |       |     9 ||     9
